 Dungeon Sprint DCSS version 0.30-a0-509-gd016549fea (webtiles) character file.

Game seed: 714032076526529955

4582 rocky1 the Martial Artist (level 10, -7/91 HPs)
             Began as an Octopode Transmuter on Dec 23, 2022.
             Was an Initiate of Gozag.
             Mangled by a komodo dragon (25 damage)
             ... in the Dungeon (Sprint III: "The Ten Rune Challenge").
             The game lasted 00:07:24 (1663 turns).

rocky1 the Martial Artist (Octopode Transmuter)     Turns: 1663, Time: 00:07:25

Health: -7/91      AC:  7    Str: 11    XL:     10   Next: 41%
Magic:  19/23      EV: 14    Int: 17    God:    Gozag
Gold:   3101       SH:  0    Dex: 14    Spells: 17/27 levels left

rFire   x . .      SeeInvis .      - Unarmed
rCold   + + +      Faith    .    (shield currently unavailable)
rNeg    . . .      Spirit   .    (helmet currently unavailable)
rPois   +          Reflect  .    (no amulet)
rElec   .          Harm     .    (no ring)
rCorr   .          Rampage  .    (no ring)
Will    .....      NoTele   +    (no ring)
Stlth   ++++......               (no ring)
HPRegen 0.35/turn                (no ring)
MPRegen 0.18/turn                (no ring)
                                 (no ring)
                                 (no ring)

@: ice-form, wereblooded, gold aura, hasted, very quick
A: freezing attack, boosted hp, almost no armour, amphibious, 8 rings, large,
(camouflage 1), (gelatinous body 1), (nimble swimmer 1), (tentacles)
a: End Transformation, Renounce Religion, Potion Petition, Call Merchant, Bribe
Branch


You were in the Dungeon.
You worshipped Gozag.
Gozag was most pleased with you.
You were a creature of crystalline ice.
You visited 1 branch You collected 5916 gold pieces.
You spent 1702 gold pieces at shops.
You paid 1113 gold pieces to Gozag.

Inventory:

Hand Weapons
 n - a +4 scimitar of flaming
Wands
 l - a wand of light (14)
Scrolls
 b - a scroll of poison {unknown}
 g - a scroll of blinking
 h - 3 scrolls of identify
 j - a scroll of immolation {unknown}
 q - a scroll of magic mapping {unknown}
Potions
 a - a potion of lignification
 d - a potion of haste
 e - 2 potions of magic
 i - 5 potions of flight
 k - 5 potions of mutation
 m - a potion of curing
Miscellaneous
 f - a box of beasts
 o - a lightning rod (4/4)
 p - a condenser vane


   Skills:
 + Level 10.0 Fighting
 + Level 9.9 Dodging
 - Level 8.2 Stealth
 * Level 14.0 Unarmed Combat
 - Level 9.2 Spellcasting
 - Level 9.8 Transmutations
 + Level 1.6 Evocations


You had 17 spell levels left.
You knew the following spells:

 Your Spells              Type           Power      Damage    Failure   Level
a - Beastly Appendage     Tmut           82%        N/A       1%          1
b - Wereblood             Tmut           41%        N/A       1%          2
c - Spider Form           Tmut/Pois      24%        N/A       3%          3
d - Ice Form              Ice/Tmut       24%        N/A       12%         4

Your spell library contained the following spells:

 Spells                   Type           Power      Damage    Failure   Level
 Dazzling Flash           Conj/Hex       14%        N/A       28%         3
 Iskenderun's Mystic Bla  Conj/Tloc      7%         2d4       67%         4
 Starburst                Conj/Fire      3%         6d3       100%        6


Dungeon Overview and Level Annotations

Branches:
Dungeon (1/1)

Altars:
Cheibriados
Dithmenos
Elyvilon
Fedhas
Gozag
Hepliaklqana
Kikubaaqudgha
Makhleb
Nemelex Xobeh
Okawaru
Qazlal
Ru
Sif Muna
Trog
Uskayaw
Vehumet
Wu Jian
Xom
Yredelemnul
Zin
The Shining One
Jiyva
Lugonu

Shops:
D *(


Innate Abilities, Weirdness & Mutations

You are a creature of crystalline ice.
You have a powerful freezing melee attack.
Your maximum health is increased.
Your armour is entirely melded.
You are incapable of wielding weapons or throwing items.
You cannot wear most types of armour.
You are amphibious.
You can wear up to eight rings at the same time.
((Your skin changes colour to match your surroundings (Stealth+).))
((Your rubbery body absorbs attacks. (AC +1, EV +1)))
((You are camouflaged when in or above water. (Stealth+)))
((You have tentacles for arms and can constrict up to eight enemies at once.))


Message History

* * * LOW HITPOINT WARNING * * *
You punch the cane toad!
The cane toad seems to slow down.
You freeze the cane toad.
The cane toad is severely wounded.
You feel sick.
You punch the cane toad! You freeze the cane toad.
You feel a bit better.
You kill the cane toad!
You feel sick.
Your Fighting skill increases to level 10!
Your Unarmed Combat skill increases to level 14!
Your Evocations skill increases to level 1!
You punch the komodo dragon! You freeze the komodo dragon.
The komodo dragon is moderately wounded.
You feel sick. The komodo dragon closely misses you.
The cane toad is distracted by your dazzling golden aura.
The cane toad gives a loud, deep croak!
You punch the komodo dragon! You freeze the komodo dragon.
The komodo dragon is severely wounded.
You barely miss the komodo dragon.
The komodo dragon is severely wounded.
You feel sick. The komodo dragon bites you!
* * * LOW HITPOINT WARNING * * *
You hit the komodo dragon but do no damage.
The komodo dragon is severely wounded.
You howl as the wereblood boils in your veins!
You feel sick. The komodo dragon misses you.
You hit the komodo dragon.
The komodo dragon seems to slow down.
You freeze the komodo dragon.
The komodo dragon is almost dead.
You feel sick.
You are no longer poisoned.
Unknown command.
Okay, then. [a] - 672 gold - haste, brilliance, heal wounds and berserk rage [b] - 345 gold - haste and heal wounds [c] - 338 gold - heal wounds and magic Purchase which effect?
You feel yourself speed up.
You feel much better. The komodo dragon bites you!!
You die...
Your body crumbles into a pile of gold.

..###...'.⌠........#[[#.∩###..#
.####...#...######'#[####.# ###
.###....#.⌠.#__#...#)############
.##.....#...#__#...#[§~~§§.#.')..
.#......#'###__#...#.#[§§#.#.#)..
#÷#.....#.))#__#...'∩#.§.#.#.#...
####....#___#__'...#.#.§.#...#...
▓▓▓▓▓▓▓▓▓▓▓▓▓▓▓▓▓▓▓▓▓▓▓▓▓▓▓▓▓▓
♣♣Y~~........~~~...
+♣♣l♣≈≈≈≈≈≈≈≈≈≈≈≈♣♣P.
#.F♣♣♣♣♣♣♣♣♣♣♣♣♣♣♣♣PP #..♣ ♣♣♣
###+ $$ $$


You could see a komodo dragon (slow) and a cane toad.

Vanquished Creatures
  Erica (D)
  A centaur warrior (D)
  An orc high priest (D)
  A deep elf pyromancer (D)
  A cane toad (D)
  An unseen horror (D)
  3 wandering mushrooms (D)
  A shadow (D)
  A spatial vortex (D)
  3 orc warriors (D)
  2 centaurs (D)
  An earth elemental (D)
  A necrophage (D)
  A scorpion (D)
  A water elemental (D)
  A jelly (D)
  Jessica (D)
  3 orc wizards (D)
  A wizard (D)
  A necromancer (D)
  3 humans (D)
  A kobold demonologist (D)
  11 orcs (D)
  An endoplasm (D)
  2 rats (D)
45 creatures vanquished.

Notes
Turn   | Place    | Note
-------+----------+-------------------------------------------
     0 | D        | rocky1 the Octopode Transmuter began the quest for the Orb.
     0 | D        | Reached XP level 1. HP: 13/13 MP: 3/3
    29 | D        | Noticed Jessica
    37 | D        | Killed Jessica
    38 | D        | Reached skill level 4 in Unarmed Combat
    38 | D        | Reached XP level 2. HP: 20/20 MP: 2/5
    38 | D        | Reached XP level 3. HP: 25/25 MP: 2/7
   113 | D        | Learned a level 2 spell: Wereblood
   117 | D        | Learned a level 3 spell: Spider Form
   119 | D        | Noticed a scorpion
   131 | D        | Reached skill level 5 in Unarmed Combat
   141 | D        | Killed a scorpion
   141 | D        | HP: 1/25 [poisoned by a scorpion]
   142 | D        | Reached skill level 6 in Unarmed Combat
   142 | D        | Reached XP level 4. HP: 1/33 MP: 5/9
   377 | D        | Noticed a water elemental
   382 | D        | Killed a water elemental
   383 | D        | Reached XP level 5. HP: 37/37 MP: 8/11
   432 | D        | Learned a level 4 spell: Ice Form
   473 | D        | Noticed a shadow
   478 | D        | Killed a shadow
   479 | D        | Reached skill level 5 in Fighting
   479 | D        | Reached skill level 5 in Dodging
   479 | D        | Reached skill level 8 in Unarmed Combat
   479 | D        | Reached skill level 5 in Spellcasting
   479 | D        | Reached skill level 5 in Transmutations
   479 | D        | Reached XP level 6. HP: 21/45 MP: 8/14
   625 | D        | Found a blossoming altar of Fedhas.
   625 | D        | Found a stormy altar of Qazlal.
   625 | D        | Found a snail-covered altar of Cheibriados.
   625 | D        | Found a burning altar of Makhleb.
   625 | D        | Found a shimmering altar of Xom.
   625 | D        | Noticed a spatial vortex
   626 | D        | Found a hazy altar of Hepliaklqana.
   626 | D        | Found an opulent altar of Gozag.
   626 | D        | Found a sparkling altar of Nemelex Xobeh.
   626 | D        | Found a corrupted altar of Lugonu.
   626 | D        | Found a viscous altar of Jiyva.
   631 | D        | Became a worshipper of Gozag Ym Sagoz the Greedy
   638 | D        | Killed a spatial vortex
   639 | D        | Reached skill level 9 in Unarmed Combat
   639 | D        | Reached XP level 7. HP: 52/52 MP: 11/15
   660 | D        | Found a basalt altar of Yredelemnul.
   660 | D        | Found a shadowy altar of Dithmenos.
   660 | D        | Found a sacrificial altar of Ru.
   708 | D        | Found a hide-covered altar of Uskayaw.
   708 | D        | Found an iron altar of Okawaru.
   708 | D        | Found a bloodstained altar of Trog.
   708 | D        | Found an ornate altar of the Wu Jian Council.
   708 | D        | Noticed a human
   709 | D        | Noticed a human
   714 | D        | Killed a human
   715 | D        | Reached skill level 10 in Unarmed Combat
   722 | D        | Killed a human
   723 | D        | Reached XP level 8. HP: 32/60 MP: 14/18
   840 | D        | Found a glowing silver altar of Zin.
   840 | D        | Found a glowing golden altar of the Shining One.
   840 | D        | Found a white marble altar of Elyvilon.
   841 | D        | Noticed a deep elf pyromancer
   850 | D        | Killed a deep elf pyromancer
   851 | D        | Reached skill level 11 in Unarmed Combat
   861 | D        | Found a radiant altar of Vehumet.
   861 | D        | Found a shimmering blue altar of Sif Muna.
   861 | D        | Found an ancient bone altar of Kikubaaqudgha.
   949 | D        | Noticed Erica
   956 | D        | Killed Erica
   957 | D        | Reached skill level 12 in Unarmed Combat
   957 | D        | Reached XP level 9. HP: 44/66 MP: 16/20
  1054 | D        | Noticed a centaur warrior
  1057 | D        | Killed a centaur warrior
  1058 | D        | Reached skill level 5 in Stealth
  1173 | D        | Killed an unseen horror
  1174 | D        | Reached skill level 13 in Unarmed Combat
  1178 | D        | Noticed a wandering mushroom
  1183 | D        | Noticed a wandering mushroom
  1185 | D        | Noticed a wandering mushroom
  1191 | D        | Killed a wandering mushroom
  1203 | D        | Reached XP level 10. HP: 61/74 MP: 22/22
  1405 | D        | Noticed an orc high priest
  1418 | D        | Noticed a rust devil
  1430 | D        | Noticed an orange demon
  1435 | D        | Noticed an orange demon
  1451 | D        | Noticed a sun demon
  1455 | D        | Killed an orc high priest
  1464 | D        | Found Qetahonawu's Weapon Shoppe.
  1598 | D        | Bought a lightning rod (4/4) for 690 gold pieces
  1598 | D        | Bought a condenser vane for 920 gold pieces
  1598 | D        | Bought a potion of flight for 69 gold pieces
  1598 | D        | Bought a scroll labelled CUEZXI WUNWOE for 23 gold pieces
  1646 | D        | Noticed a cane toad
  1646 | D        | Noticed a cane toad
  1657 | D        | Killed a cane toad
  1658 | D        | Reached skill level 10 in Fighting
  1658 | D        | Reached skill level 14 in Unarmed Combat
  1658 | D        | Reached skill level 1 in Evocations
  1660 | D        | HP: 3/91 [komodo dragon (12)]
  1663 | D        | Mangled by a komodo dragon

Illustrated notes

Levels and vault maps discovered:
D:        dungeon_sprint_mu [sprint_mu_entry_cave, sprint_mu_temple_rooms,
          sprint_mu_d1_horrors, sprint_mu_d2_genie, sprint_mu_d3_branching,
          sprint_mu_orc_legion, sprint_mu_elf_gauntlet, sprint_mu_hive_nellie,
          sprint_mu_lair_fedhas, sprint_mu_vaults_butterflies,
          sprint_mu_slime_circle, sprint_mu_swamp_cave, sprint_mu_shoals_archi,
          sprint_mu_blade_basic, sprint_mu_crypt_chambers,
          sprint_mu_tomb_spiral, sprint_mu_vestibule_basic,
          sprint_mu_gehenna_hellfire, sprint_mu_dis_giant,
          sprint_mu_tartarus_statrot, sprint_mu_cocytus_islands, sprint_mu_zot1]

Skill      XL: |  1  2  3  4  5  6  7  8  9 10 |
---------------+-------------------------------+-----
Fighting       | 2 3 4 5 6 7 8 9 10 | 10.0
Dodging        | 3 4 5 6 7 8 9 |  9.9
Unarmed Combat | 4 6 8 9 10 12 13 14 | 14.0
Transmutations | 3 4 5 6 7 8 9 |  9.8
Spellcasting   | 3 4 5 6 7 8 9 |  9.2
Stealth        | 4 7 8 |  8.2
Evocations     | 1 |  1.6

Action                   |  1- 3 |  4- 6 |  7- 9 | 10-12 || total
-------------------------+-------+-------+-------+-------++-------
Melee: Unarmed           |    21 |    15 |    60 |    63 ||   159
       Constrict         |     4 |       |       |       ||     4
       Tentacles         |     3 |     2 |       |     1 ||     6
       Kick              |     3 |     1 |       |       ||     4
 Cast: Beastly Appendage |     2 |     1 |       |     1 ||     4
       Spider Form       |     1 |       |     3 |     1 ||     5
       Ice Form          |       |     2 |     3 |     2 ||     7
       Wereblood         |       |       |       |     2 ||     2
Invok: Potion Petition   |       |       |       |     1 ||     1
       Call Merchant     |       |       |       |     1 ||     1
  Use: Potion            |       |     2 |       |     1 ||     3
 Stab: Sleeping          |     4 |       |     2 |       ||     6
Armor: Skin              |       |       |     9 |     6 ||    15
Dodge: Dodged            |    10 |     3 |    34 |    29 ||    76

Table legend: (Time is in decaauts)
 A = Elapsed time spent in this place.
 B = Non-inter-level travel time spent in this place.
 C = Inter-level travel time spent in this place.
 D = Time resting spent in this place.
 E = Time spent auto-exploring this place.
 F = Levels seen in this place.
 G = Mean time per level.
                   A        B        C        D        E       F      G
               +--------+--------+--------+--------+--------+-----+--------+
         Total |   1643 |   1578 |     65 |    969 |     12 |   1 | 1643.0 |
       Dungeon |   1643 |   1578 |     65 |    969 |     12 |   1 | 1643.0 |
               +--------+--------+--------+--------+--------+-----+--------+

Top non-repeatable levels by time:
       D: 1643 daAuts
